 Dungeon Sprint DCSS version 0.20-a0-1109-ge3cd172 (webtiles) character file.

1459 potatolord5000 the Spear-Bearer (level 8, 0/73 (74) HPs)
             Began as a Merfolk Fighter on May 5, 2017.
             Was an Initiate of Gozag.
             Succumbed to a hornet's poison
             ... in the Dungeon (Sprint II: "The Violet Keep of Menkaure").
             The game lasted 00:08:32 (981 turns).

potatolord5000 the Spear-Bearer (Merfolk Fighter)    Turns: 981, Time: 00:08:33

HP:   0/73 (74)     AC: 16    Str: 19    XL:     8   Next: 76%
MP:   8/8           EV: 22    Int: 10    God:    Gozag
Gold: 126           SH:  0    Dex: 16    Spells: 7/7 levels left

rFire    . . .     SeeInvis .   a - +0 trident
rCold    . . .     Gourm    .   (no shield)
rNeg     . . .     Faith    .   d - +6 scale mail of Peteoh {rElec Stlth+}
rPois    .         Spirit   .   c - +1 helmet {Int+3}
rElec    +         Reflect  .   b - +0 cloak
rCorr    .         Harm     .   e - +0 pair of gloves {Str+3}
MR       .....     NoTele   +   (boots currently unavailable)
Stlth    ++++++....             (no amulet)
Regen    0.3/turn               (no ring)
MPRegen  0.2/turn               (no ring)

@: lethally poisoned (0 -> -2), very slightly contaminated, very quick
A: change form in water, swift swim, stealthy swim, sense surroundings 1,
MP-powered wands, sturdy frame 1
a: Potion Petition, Call Merchant, Bribe Branch, Renounce Religion


You were in the Dungeon.
You worshipped Gozag.
Gozag was aware of your devotion.
You were not hungry.

You visited 1 branch You collected 972 gold pieces.
You spent 846 gold pieces at shops.

Inventory:

Hand Weapons
 a - a +0 trident (weapon)
Armour
 b - a +0 cloak (worn)
 c - a +1 helmet of intelligence (worn)
 d - the +6 scale mail of Peteoh (worn) {rElec Stlth+}
   (You bought it in a shop in the Dungeon)

   It insulates you from electricity.
   It makes you more stealthy.
 e - a +0 pair of gloves of strength (worn)
Potions
 i - 2 potions of magic
Comestibles
 f - a bread ration


   Skills:
 + Level 10.8 Fighting
 + Level 13.3 Polearms
 - Level 2.1 Armour
 + Level 12.1 Dodging
 + Level 11.2 Stealth
   Level 3.0 Shields


You had 7 spell levels left.
You didn't know any spells.

Dungeon Overview and Level Annotations

Branches:
Dungeon (1/1)

Altars:
Cheibriados
Dithmenos
Elyvilon
Fedhas
Gozag
Hepliaklqana
Kikubaaqudgha
Makhleb
Nemelex Xobeh
Okawaru
Qazlal
Ru
Sif Muna
Trog
Uskayaw
Vehumet
Wu Jian
Xom
Yredelemnul
Zin
The Shining One
Beogh
Jiyva
Lugonu

Shops:
D =:*(?%%}[![:[=!:

Annotations:
D exclusion: oklob plant


Innate Abilities, Weirdness & Mutations

You revert to your normal form in water.
You are very nimble and swift while swimming.
You are very stealthy in the water. (Stealth+)
You passively map a small area around you.
You expend magic power (3 MP) to strengthen your wands.
Your movements are slightly less encumbered by armour. (ER -2)


Message History

Really swim into a travel-excluded area?
* * * LOW HITPOINT WARNING * * *
You feel sick.
The polar bear growls angrily.
The hornet stings you but does no damage.
The yaktaur shoots a bolt.
The bolt completely misses you.
You hear a splash.
Really swim into that cloud of steam? [Y]es or [N]o only, please.
Really swim into that cloud of steam? [Y]es or [N]o only, please.
Really swim into that cloud of steam?
Okay, then.
* * * LOW HITPOINT WARNING * * *
You feel sick.
You see here a bolt.
* * * LOW HITPOINT WARNING * * *
You feel sick.
You die...
Your body crumbles into a pile of gold.

##...∩.∩..#≈≈####.#.####..## *#
##....∩.⌠.#≈##.###'###.##..#$ +
##...∩.∩..#≈#..###.##...#..#, #
##..∩.∩...'≈'.##'.<.'###+..####
##.∩.∩....#≈#.#.##.##...#....##
#▓▓▓▓▓▓▓###≈##.###'###.##..§.§.
##)HH######≈≈####†#.####§h§§§..
#=hh#l? ,##≈≈≈#..#..#≈≈≈≈≈§≈.§
#∩PH+$.# #'#@###.###≈≈c§≈h≈≈.
#$.$#[##§##.#≈≈##+##≈≈≈§§≈≈≈≈≈
#)).###≈S≈####≈y≈≈(≈≈≈§§≈§≈§≈≈
##+###§§§§ #+++#+++#§§§≈≈≈≈≈
$,$ ≈ * #.§§§§§.##≈≈≈###≈ * *
**.§§§§§§§.##≈≈# #§ , ≈≈
+..§§.8§....'≈≈# #≈ *≈ ≈
##§§§§...§.##§§≈§§≈ $ ≈ ≈≈
##§......## #####


You could see a hornet.

Vanquished Creatures
  2 tyrant leeches (D)
  4 neqoxecs (D)
  A vampire mosquito (D)
  4 necrophages (D)
  4 worker ants (D)
15 creatures vanquished.

Vanquished Creatures (others)
  Menkaure (D)
  A crocodile (D)
2 creatures vanquished.

Grand Total: 17 creatures vanquished

Notes
Turn   | Place    | Note
-------+----------+-------------------------------------------
     0 | D        | potatolord5000 the Merfolk Fighter began the quest for the Orb.
     0 | D        | Reached XP level 1. HP: 18/18 MP: 1/1
     7 | D        | Noticed a necrophage
     7 | D        | Noticed a necrophage
     7 | D        | Noticed a necrophage
     7 | D        | Noticed a necrophage
    15 | D        | Killed a crocodile
    22 | D        | Killed a necrophage
    22 | D        | Reached skill level 5 in Fighting
    22 | D        | Reached skill level 6 in Polearms
    22 | D        | Reached skill level 5 in Dodging
    22 | D        | Reached skill level 5 in Stealth
    22 | D        | Reached XP level 2. HP: 11/27 MP: 2/2
    22 | D        | Reached XP level 3. HP: 13/33 MP: 3/3
    22 | D        | Reached XP level 4. HP: 16/39 MP: 4/4
    31 | D        | Killed a necrophage
    31 | D        | Reached skill level 8 in Polearms
    31 | D        | Reached XP level 5. HP: 9/45 MP: 5/5
    43 | D        | Killed a necrophage
    43 | D        | Reached skill level 9 in Polearms
    43 | D        | Reached XP level 6. HP: 13/54 MP: 6/6
    57 | D        | Killed a necrophage
    57 | D        | Reached skill level 10 in Polearms
   317 | D        | Noticed a neqoxec
   318 | D        | Noticed a neqoxec
   318 | D        | Gained mutation: You passively map a small area around you. [a neqoxec]
   338 | D        | Killed a neqoxec
   338 | D        | Reached XP level 7. HP: 34/62 MP: 7/7
   348 | D        | Killed a neqoxec
   348 | D        | Reached skill level 11 in Polearms
   348 | D        | Reached skill level 10 in Dodging
   463 | D        | Noticed a neqoxec
   469 | D        | Gained mutation: You expend magic power (3 MP) to strengthen your wands. [a neqoxec]
   476 | D        | Killed a neqoxec
   478 | D        | Found Kiecopn's Distillery.
   479 | D        | Found Covupsuo's Jewellery Shop.
   479 | D        | Found Qobai's Book Shop.
   479 | D        | Found Letyrgh's Antique Armour Boutique.
   479 | D        | Found Zownyp's Book Shop.
   479 | D        | Noticed Menkaure
   679 | D        | Killed Menkaure
   701 | D        | Noticed a tyrant leech
   701 | D        | Noticed a tyrant leech
   713 | D        | Killed a tyrant leech
   713 | D        | Reached skill level 12 in Polearms
   713 | D        | Reached skill level 10 in Stealth
   713 | D        | Reached XP level 8. HP: 71/71 MP: 8/8
   723 | D        | Killed a tyrant leech
   723 | D        | Reached skill level 10 in Fighting
   778 | D        | Found Ypeuw's Antique Armour Shop.
   778 | D        | Found Baw Fyusm's Distillery.
   778 | D        | Found Okladghott's Antique Armour Shop.
   778 | D        | Found Fumalagam's Gadget Boutique.
   779 | D        | Found Ciriy's Food Boutique.
   779 | D        | Found Gemej's Food Boutique.
   779 | D        | Found Tuixi's Magic Scroll Shop.
   779 | D        | Noticed a manticore
   780 | D        | Found Cuadworchela's Antique Weapon Boutique.
   780 | D        | Found Kutur's Assorted Antiques.
   780 | D        | Noticed a manticore
   780 | D        | Noticed a manticore
   780 | D        | Noticed an oklob plant
   781 | D        | Found Syfydav's Book Shoppe.
   781 | D        | Found Cuibezxy's Jewellery Boutique.
   782 | D        | Noticed a hell hog
   786 | D        | Noticed a hell hog
   790 | D        | Noticed a wyvern
   791 | D        | Bought a runed helmet for 225 gold pieces
   791 | D        | Bought a slimy scale mail for 270 gold pieces
   791 | D        | Bought a pair of runed gloves for 225 gold pieces
   798 | D        | Noticed a wyvern
   806 | D        | Identified the +6 scale mail of Peteoh {rElec Stlth+} (You bought it in a shop in the Dungeon)
   834 | D        | Bought a cloak for 126 gold pieces
   859 | D        | Reached skill level 13 in Polearms
   865 | D        | Noticed an obsidian statue
   892 | D        | Found a roughly hewn altar of Beogh.
   893 | D        | Found a hazy altar of Hepliaklqana.
   893 | D        | Found a snail-covered altar of Cheibriados.
   894 | D        | Found a stormy altar of Qazlal.
   894 | D        | Found a viscous altar of Jiyva.
   894 | D        | Found a shadowy altar of Dithmenos.
   895 | D        | Found a sacrificial altar of Ru.
   895 | D        | Found an ancient bone altar of Kikubaaqudgha.
   895 | D        | Found a white marble altar of Elyvilon.
   896 | D        | Found an ornate altar of the Wu Jian Council.
   896 | D        | Found a deep blue altar of Sif Muna.
   896 | D        | Found a corrupted altar of Lugonu.
   897 | D        | Found a shimmering altar of Xom.
   897 | D        | Found a bloodstained altar of Trog.
   897 | D        | Found a burning altar of Makhleb.
   898 | D        | Found a glowing golden altar of the Shining One.
   898 | D        | Found a basalt altar of Yredelemnul.
   898 | D        | Found a hide-covered altar of Uskayaw.
   899 | D        | Found a glowing silver altar of Zin.
   899 | D        | Found a radiant altar of Vehumet.
   899 | D        | Found a blossoming altar of Fedhas.
   899 | D        | Found a sparkling altar of Nemelex Xobeh.
   899 | D        | Noticed a hornet
   899 | D        | Noticed a polar bear
   900 | D        | Found an opulent altar of Gozag.
   900 | D        | Found an iron altar of Okawaru.
   900 | D        | Noticed a yaktaur
   906 | D        | Gained mutation: Your movements are slightly less encumbered by armour. (ER -2) [a neqoxec]
   929 | D        | Became a worshipper of Gozag Ym Sagoz the Greedy
   932 | D        | Noticed a flying skull
   943 | D        | Noticed a polar bear
   946 | D        | Noticed a polar bear
   958 | D        | Paralysed by a hornet for 1 turns
   966 | D        | HP: 3/73 [poisoned by a hornet]
   971 | D        | HP: 2/73 [poisoned by a hornet]
   977 | D        | HP: 1/73 [poisoned by a hornet]
   981 | D        | Succumbed to a hornet's poison

Vault maps used:
D:        the_violet_keep_of_menkaure

Skill      XL: |  1  2  3  4  5  6  7  8 |
---------------+-------------------------+-----
Fighting       | 5 6 7 8 9 10 | 10.8
Polearms       | 6 8 9 10 12 13 | 13.3
Dodging        | 5 6 7 9 11 12 | 12.1
Stealth        | 5 6 7 8 10 11 | 11.2
Armour         | |  2.1
Shields        | |  3.0

Action                   |  1- 3 |  4- 6 |  7- 9 || total
-------------------------+-------+-------+-------++-------
Melee: Trident           |    13 |    53 |    80 ||   146
       Tailslap          |       |       |     1 ||     1
  Use: Potion            |     2 |     1 |     2 ||     5
       Scroll            |       |       |     2 ||     2
Armor: Scale mail        |     1 |     7 |    15 ||    23
Dodge: Dodged            |     2 |    22 |    40 ||    64
